 Dungeon Sprint DCSS version 0.31-a0-691-g409c26aa35 (webtiles) character file.

Game seed: 1390448792466782570

1607 sircluck the Grappler (level 8, -1/139 HPs)
             Began as a Troll Berserker on Sept 6, 2023.
             Was a High Priest of Trog.
             Slain by a vampire mosquito (3 damage)
             ... in the Dungeon (Sprint VII: "The Pits").
             The game lasted 00:02:10 (665 turns).

sircluck the Grappler (Troll Berserker)              Turns: 665, Time: 00:02:11

Health: -1/139     AC:  7    Str: 28    XL:     8   Next: 63%
Magic:  7/7        EV: 12    Int:  6    God:    Trog [*****.]
Gold:   0          SH:  0    Dex:  9    Spells: 7/7 levels left

rFire   . .          .
                       - Unarmed
rCold   . . .        (no shield)
rNeg    . . .        a - +0 animal skin
rPois   .            (helmet restricted)
rElec   .            (no cloak)
rCorr   .            (gloves unavailable)
SInv    .            (boots unavailable)
Will    .....        (no amulet) Stlth
                     l - +3 ring of intelligence
HPRegen 1.23/turn    k - +3 ring of protection
MPRegen 0.10/turn

%: no teleportation
@: berserking, slowed
A: large, unfitting armour, claws 3, regeneration 1, shaggy fur 1, tough skin 1
a: Renounce Religion, Berserk, Trog's Hand, Brothers in Arms


You were in the Dungeon.
You worshipped Trog.
Trog was extremely pleased with you.
You visited 1 branch

Inventory:

Armour
 a - a +0 animal skin (worn)
Jewellery
 k - a +3 ring of protection (right claw)
 l - a +3 ring of intelligence (left claw)
Scrolls
 g - a scroll of blinking
 i - 2 scrolls of vulnerability
 j - a scroll of butterflies
Potions
 b - 7 potions of curing
 c - 13 potions of heal wounds
 d - a potion of haste
 e - 4 potions of magic
 f - 3 potions of berserk rage
 h - 2 potions of invisibility
 m - a potion of might


   Skills:
 + Level 10.0 Fighting
 + Level 9.8 Dodging
 + Level 11.6 Unarmed Combat


You had 7 spell levels left.
You didn't know any spells.
Your spell library was empty.

Dungeon Overview and Level Annotations

Branches:
Dungeon (1/1)

Altars:
Ashenzari
Cheibriados
Dithmenos
Elyvilon
Fedhas
Gozag
Hepliaklqana
Kikubaaqudgha
Makhleb
Nemelex Xobeh
Okawaru
Qazlal
Ru
Sif Muna
Trog
Uskayaw
Vehumet
Wu Jian
Xom
Yredelemnul
Zin
The Shining One
Jiyva
Lugonu

Annotations:
D Erica


Innate Abilities, Weirdness & Mutations

You are too large for most types of armour.
You have claws for hands.
Your natural rate of healing is unusually fast.
You are covered in fur. (AC +1)
You have tough skin. (AC +1)


Message History

A red film seems to cover your vision as you go berserk!
You feel yourself moving faster!
You feel mighty!
You feel sick. The vampire mosquito barely misses you.
The vampire mosquito completely misses you.
Something hits you! Something burns you.
You claw something!
You feel sick. The vampire mosquito bites you!
The vampire mosquito draws strength from your injuries!
Something hits you!
* * * LOW HITPOINT WARNING * * *
Something burns you.
* * * LOW HITPOINT WARNING * * *
The vampire mosquito barely misses you.
You closely miss something. Your claw misses something.
You feel sick.
A vampire mosquito comes into view.
The vampire mosquito bites you but does no damage.
Something hits you but does no damage.
The vampire mosquito moves out of view.
You miss something.
You feel sick.
You are no longer poisoned.
The vampire mosquito bites you but does no damage.
A vampire mosquito comes into view.
The vampire mosquito bites you!
* * * LOW HITPOINT WARNING * * *
The vampire mosquito draws strength from your injuries!
Something hits you.
* * * LOW HITPOINT WARNING * * *
Something burns you.
* * * LOW HITPOINT WARNING * * *
You barely miss something.
The vampire mosquito buzzes angrily.
You hear an angry hiss.
The vampire mosquito bites you.
* * * LOW HITPOINT WARNING * * *
The vampire mosquito draws strength from your injuries!
You barely miss the vampire mosquito.
The vampire mosquito is heavily damaged.
The vampire mosquito misses you. Something hits you!
* * * LOW HITPOINT WARNING * * *
Something burns you.
* * * LOW HITPOINT WARNING * * *
The vampire mosquito bites you.
You die...

##.##................++..#
....'................++..#
#####......#..#......##.....
#..##................# ...
÷..#####'#####''###### #
#'###.......##''#
÷÷)##.......##..##
...##.......##...##
#####...<...###.@.#
)[.##.......# ##{y.y.y..
)[.##.......# rl###+###
#####.......# .y##
#..###########..
#.############..
#)#....#..[[###.
#†#....#..[[# ##
#)'....'..))#


You could see a wyvern, 4 vampire mosquitoes and a rat.

Vanquished Creatures
  A deep elf pyromancer (D)
  A guardian mummy (D)
  A hornet (D)
  A spriggan (D)
  A flying skull (D)
  A floating eye (D)
  A black bear (D)
  A phantom (D)
  A necrophage (D)
  A wight (D)
  A hound (D)
  2 gnolls (D)
  An adder (D)
  An orc (D)
  2 giant cockroaches (D)
  2 hobgoblins (D)
  4 jackals (D)
  2 quokkas (D)
  2 frilled lizards (D)
  A kobold (D)
28 creatures vanquished.

Notes
Turn   | Place    | Note
-------+----------+-------------------------------------------
     0 | D        | sircluck the Troll Berserker began the quest for the Orb.
     0 | D        | Reached XP level 1. HP: 22/22 MP: 0/0
    20 | D        | Noticed a wight
    55 | D        | Killed a wight
    56 | D        | Reached skill level 5 in Unarmed Combat
    56 | D        | Reached XP level 2. HP: 23/32 MP: 1/1
    56 | D        | Reached XP level 3. HP: 27/39 MP: 2/2
   240 | D        | Found a bloodstained altar of Trog.
   240 | D        | Found a shimmering blue altar of Sif Muna.
   240 | D        | Found a viscous altar of Jiyva.
   240 | D        | Found a hazy altar of Hepliaklqana.
   240 | D        | Found an opulent altar of Gozag.
   241 | D        | Found a glowing golden altar of the Shining One.
   241 | D        | Found a glowing silver altar of Zin.
   241 | D        | Found a basalt altar of Yredelemnul.
   241 | D        | Found a shimmering altar of Xom.
   241 | D        | Found an ornate altar of the Wu Jian Council.
   241 | D        | Found a sacrificial altar of Ru.
   241 | D        | Found a stormy altar of Qazlal.
   241 | D        | Found an iron altar of Okawaru.
   241 | D        | Found a sparkling altar of Nemelex Xobeh.
   241 | D        | Found a burning altar of Makhleb.
   241 | D        | Found a blossoming altar of Fedhas.
   241 | D        | Found a white marble altar of Elyvilon.
   241 | D        | Found a shadowy altar of Dithmenos.
   241 | D        | Found a snail-covered altar of Cheibriados.
   243 | D        | Found a radiant altar of Vehumet.
   243 | D        | Found a corrupted altar of Lugonu.
   269 | D        | Reached ** piety under Trog
   271 | D        | Noticed a floating eye
   273 | D        | Killed a floating eye
   274 | D        | Reached skill level 5 in Fighting
   274 | D        | Reached skill level 5 in Dodging
   274 | D        | Reached skill level 6 in Unarmed Combat
   274 | D        | Reached XP level 4. HP: 50/50 MP: 3/3
   274 | D        | Reached XP level 5. HP: 58/58 MP: 4/4
   278 | D        | Noticed a black bear
   282 | D        | Killed a black bear
   283 | D        | Reached skill level 7 in Unarmed Combat
   291 | D        | Reached *** piety under Trog
   386 | D        | Reached **** piety under Trog
   387 | D        | Reached XP level 6. HP: 32/68 MP: 5/5
   431 | D        | Noticed a flying skull
   434 | D        | Killed a flying skull
   435 | D        | Reached skill level 8 in Unarmed Combat
   450 | D        | Reached skill level 9 in Unarmed Combat
   454 | D        | Reached ***** piety under Trog
   455 | D        | Reached XP level 7. HP: 76/79 MP: 6/6
   457 | D        | Noticed a deep elf pyromancer
   468 | D        | Noticed a fire elemental
   468 | D        | Killed a deep elf pyromancer
   469 | D        | Reached skill level 10 in Unarmed Combat
   491 | D        | Reached XP level 8. HP: 86/92 MP: 7/7
   494 | D        | Received a gift from Trog
   504 | D        | Noticed a guardian mummy
   518 | D        | Killed a guardian mummy
   519 | D        | Reached skill level 11 in Unarmed Combat
   612 | D        | Found an ancient bone altar of Kikubaaqudgha.
   612 | D        | Found a hide-covered altar of Uskayaw.
   612 | D        | Found a broken altar of Ashenzari.
   650 | D        | Noticed a hornet
   650 | D        | Noticed Erica
   657 | D        | Killed a hornet
   658 | D        | Reached skill level 10 in Fighting
   665 | D        | HP: 6/139 [something (14)]
   665 | D        | HP: 2/139 [something (4)]
   665 | D        | Slain by a vampire mosquito

Illustrated notes

Levels and vault maps discovered:
D:        pitsprint [storerooms_1, entrance_room_1, metal_vault_5, armoury_3,
          mini_pit_1, grid_room_1, main_hall_1, silver_pit, the_coven_3,
          the_vestibule_1, steel_vault_2, golden_pit, hallway_of_sentries,
          crystal_vault_1, iron_vault_1, final_vault]

Skill      XL: |  1  2  3  4  5  6  7  8 |
---------------+-------------------------+-----
Fighting       | 4 5 6 7 9 10 | 10.0
Dodging        | 4 5 6 7 8 9 |  9.8
Unarmed Combat | 5 6 7 9 10 11 | 11.6

Action                     |  1- 3 |  4- 6 |  7- 9 || total
---------------------------+-------+-------+-------++-------
  Melee: Unarmed           |     8 |    38 |    48 ||    94
         Punch             |       |     1 |     1 ||     2
 Invoke: Berserk           |     1 |       |     2 ||     3
    Use: Potion            |       |       |     1 ||     1
 Armour: Animal skin       |     3 |    28 |    32 ||    63
  Dodge: Dodged            |       |    27 |    25 ||    52

Table legend: (Time is in decaauts)
 A = Elapsed time spent in this place.
 B = Non-inter-level travel time spent in this place.
 C = Inter-level travel time spent in this place.
 D = Time resting spent in this place.
 E = Time spent auto-exploring this place.
 F = Levels seen in this place.
 G = Mean time per level.
                   A        B        C        D        E       F      G
               +--------+--------+--------+--------+--------+-----+--------+
         Total |    669 |    555 |    114 |     62 |     67 |   1 |  669.0 |
       Dungeon |    669 |    555 |    114 |     62 |     67 |   1 |  669.0 |
               +--------+--------+--------+--------+--------+-----+--------+

Top non-repeatable levels by time:
       D: 669 daAuts
